AoeStats
← Perro178

Arabia

509161522Analyzed
1v1 RM · 8d ago on Sep 25, 2026· 64m 25s· 2 players
Game mode
Random Map
Map size
Tiny (2 player)
Population
200
Speed
Normal
Resources
Standard
Victory
Conquest
Starting age
Dark Age
Ending age
Imperial Age
RankedLock teamsTeams togetherTeam positionsShared explorationLock speedFull tech treeHidden civsTurbo modeCheats
Victory
Defeat
🇺🇸 Poles · United States
559
+18
🇨🇱 Dravidians · Chile
603
-18
branko1966
9:22 Loom
11:38 Feudal Age
12:41 Double-Bit Axe
12:47 Horse Collar
21:31 Castle Age
19:50 Bloodlines
20:13 Scale Barding Armor
20:38 Forging
22:38 Chain Barding Armor
22:23 Scale Mail Armor
24:24 Light Cavalry
25:06 Husbandry
28:20 Heavy Plow
28:42 Bow Saw
33:14 Wheelbarrow
32:25 Town Watch
34:25 Hand Cart
40:36 Imperial Age
37:42 Elite Skirmisher
38:28 Thumb Ring
39:05 Iron Casting
38:31 Padded Archer Armor
38:15 Crossbowman
39:46 Chain Mail Armor
39:23 Fletching
40:09 Szlachta Privileges
41:59 Arbalester
42:37 Winged Hussar
44:23 Crop Rotation
44:29 Conscription
43:32 Elite Obuch
47:32 Hoardings
47:08 Murder Holes
47:47 Leather Archer Armor
47:28 Bodkin Arrow
48:04 Plate Mail Armor
48:36 Blast Furnace
Perro178
6:24 Loom
12:14 Feudal Age
12:49 Double-Bit Axe
12:49 Horse Collar
14:53 Gold Mining
21:16 Castle Age
19:15 Stone Mining
19:19 Fletching
20:02 Padded Archer Armor
20:36 Man-at-Arms
21:59 Heavy Plow
22:12 Bow Saw
21:26 Pikeman
22:54 Crossbowman
26:11 Ballistics
25:50 Murder Holes
29:04 Fortified Wall
30:18 Wheelbarrow
29:22 Long Swordsman
29:48 Gambesons
30:04 Squires
29:50 Arson
31:40 Thumb Ring
36:30 Imperial Age
36:28 Scale Mail Armor
38:01 Town Watch
38:32 Hand Cart
38:48 Two-Handed Swordsman
40:00 Masonry
40:18 Arbalester
44:24 Hoardings
45:24 Chemistry
45:00 Conscription
45:12 Forging
45:42 Town Patrol
50:22 Medical Corps
51:03 Champion
52:09 Halberdier
62:37 Wootz Steel
Connection lost

Rejoining the realm…

Still unreachable

The connection could not be restored.

Session expired

The server has moved on; the page needs a fresh start.